 Dungeon Crawl Stone Soup version 0.28-a0-769-g550dbda0cd (webtiles) character file.

Game seed: 7077314873398391074

67490 demibob the Fighter (level 14, -1/238 HPs)
             Began as a White Draconian Chaos Knight on Nov 1, 2021.
             Was a Plaything of Xom.
             Slain by a death drake (3 damage)
             ... on level 2 of the Orcish Mines.
             The game lasted 01:20:34 (23084 turns).

demibob the Fighter (White Draconian Chaos Knight) Turns: 23084, Time: 01:20:35

Health: -1/238     AC: 27    Str: 18      XL:     14   Next: 83%
Magic:  8/14       EV:  2    Int: 18 (19) God:    Xom [....*.]
Gold:   2484       SH:  0    Dex: 18      Spells: 13/13 levels left

rFire   + . .      SeeInvis .   a - +4 lajatang of the Dragonfly {elec, rElec rPois rF+ Int+4}
rCold   . . .      Faith    .   (shield currently unavailable)
rNeg    . . .      Spirit   .   (armour unavailable)
rPois   +          Reflect  .   (helmet currently unavailable)
rElec   +          Harm     .   (cloak currently unavailable)
rCorr   .          Rampage  .   (gloves currently unavailable)
Will    ++...      NoTele   +   (boots currently unavailable)
Stlth   ++........              j - amulet of regeneration
HPRegen 1.49/turn               E - +4 ring of evasion
MPRegen 0.14/turn               t - ring "Desevoemn" {rElec Will+}

@: lethally poisoned (-1 -> -2), tree-form
A: stationary, stasis, torment immunity, boosted hp, (breathe frost), AC +8,
unfitting armour, (cold resistance 2), (cold-blooded), (claws 2), (fangs 1),
(horns 1), (talons 1), agile 1, clever 1, (fire resistance 2), robust 2, strong
2, wild magic 1, MP-powered wands, noise suppression
a: Renounce Religion


You were on level 2 of the Orcish Mines.
You worshipped Xom.
You were a beloved toy of Xom.
You were a tree.
You visited 3 branches of the dungeon, and saw 21 of its levels.
You visited the Abyss 1 time.
You also visited: Sewer.

You collected 2939 gold pieces.
You spent 455 gold pieces at shops.


Innate Abilities, Weirdness & Mutations

You are a tree.
Your roots penetrate the ground, keeping you stationary.
You cannot be teleported.
You are immune to unholy pain and torment.
Your maximum health is greatly increased.
Your equipment is partially melded.
((You can breathe waves of freezing cold which knock back foes.))
((Your icy white scales are hard. (AC +8)))
You cannot fit into any form of body armour.
((Your flesh is very cold resistant. (rC++)))
((You are cold-blooded and may be slowed by cold attacks.))
((You have very sharp fingernails.))
((You have very sharp teeth.))
((You have a pair of small horns on your head.))
((You have sharp toenails.))
You are agile. (Dex +2)
Your mind is acute. (Int +2)
((Your flesh is very heat resistant. (rF++)))
You are very robust. (+20% HP)
Your muscles are very strong. (Str +4)
Your spells are a little harder to cast, but a little more powerful.
You expend magic power (3 MP) to strengthen your wands.
You passively dampen the noise of your surroundings.


   Skills:
 + Level 14.3 Fighting
 - Level 12.0(14.0) Polearms
 - Level 11.9(14.0) Staves
 + Level 14.2 Dodging
 - Level 7.3 Evocations


You had 13 spell levels left.
You didn't know any spells.
Your spell library contained the following spells:

 Spells                   Type           Power      Damage    Failure   Level
 Sublimation of Blood     Necr           0%         N/A       41%         2
 Dazzling Flash           Conj/Hex       0%         N/A       63%         3
 Portal Projectile        Hex/Tloc       0%         N/A       63%         3
 Summon Guardian Golem    Hex/Summ       0%         N/A       63%         3
 Tukima's Dance           Hex            0%         N/A       63%         3
 Airstrike                Air            0%         N/A       95%         4
 Fulminant Prism          Conj/Hex       0%         3d6       95%         4
 Iskenderun's Mystic Bla  Conj/Tloc      0%         2d3       95%         4
 Passage of Golubria      Tloc           0%         N/A       95%         4
 Petrify                  Tmut/Erth      0%         N/A       95%         4
 Summon Lightning Spire   Summ/Air       0%         N/A       95%         4
 Blade Hands              Tmut           0%         N/A       100%        5
 Excruciating Wounds      Necr           0%         N/A       100%        5
 Irradiate                Conj/Tmut      0%         3d13      100%        5
 Lee's Rapid Deconstruct  Erth           0%         3d5*      100%        5
 Lightning Bolt           Conj/Air       0%         1d11      100%        5
 Summon Forest            Summ/Tloc      0%         N/A       100%        5
 Yara's Violent Unravell  Hex/Tmut       0%         3d3       100%        5
 Eringya's Noxious Bog    Tmut/Pois      0%         N/A       100%        6
 Starburst                Conj/Fire      0%         6d3       100%        6
 Orb of Destruction       Conj           0%         N/A       100%        7
 Spellforged Servitor     Conj/Summ      0%         N/A       100%        7
 Summon Hydra             Summ           0%         N/A       100%        7

Inventory:

Hand Weapons
 a - the +4 lajatang of the Dragonfly (weapon) {elec, rElec rPois rF+ Int+4}
   (You found it on level 9 of the Dungeon)

   It occasionally discharges a powerful burst of electricity upon striking a
   foe.
   Int:       It affects your intelligence (+4).
   rF:        It protects you from fire.
   rElec:     It insulates you from electricity.
   rPois:     It protects you from poison.
 b - a +3 spear of venom
 g - a +0 spear of chaos
 H - the +10 glaive "Gram" {vorpal, rC+++ Str-4 Dex-4 SInv}
   (You found it on level 2 of the Abyss)

   It inflicts extra damage upon your enemies.
   Str:       It affects your strength (-4).
   Dex:       It affects your dexterity (-4).
   rC:        It renders you almost immune to cold.
   SInv:      It lets you see invisible.
Missiles
 s - 102 poisoned darts (quivered)
 F - 2 throwing nets {=f}
Armour
 k - a +1 pair of gloves (melded)
 w - a +1 pair of boots (melded)
 x - the +3 crown of Dyrovepreva (melded) {rElec Int+2 SInv}
   (You bought it in a shop on level 9 of the Dungeon)

   Int:       It affects your intelligence (+2).
   rElec:     It insulates you from electricity.
   SInv:      It lets you see invisible.
Jewellery
 h - the amulet "Tumuff" {Faith Rampage Fly Slay+3}
   (You acquired it on level 1 of the Dungeon)

   [amulet of faith]

   It allows you to gain divine favour quickly.
   Slay:      It affects your accuracy & damage with ranged weapons and melee
   (+3).
   Fly:       It grants you flight.
   Rampage:   It bestows one free step when moving towards enemies.
 j - an amulet of regeneration (around neck)
 n - an amulet of the acrobat
 t - the ring "Desevoemn" (right branch) {rElec Will+}
   (Xom gifted it to you on level 1 of the Lair of Beasts)

   [ring of willpower]

   rElec:     It insulates you from electricity.
   Will:      It increases your willpower.
 v - a ring of see invisible
 C - a ring of ice
 E - a +4 ring of evasion (left branch)
 R - a ring of resist corrosion
 S - the ring of Hofu {rN+ SInv}
   (You found it on level 13 of the Dungeon)

   [ring of positive energy]

   rN:        It protects you from negative energy.
   SInv:      It lets you see invisible.
 Z - a ring of wizardry
Wands
 e - a wand of iceblast (1)
 D - a wand of digging (2)
 K - a wand of charming (7)
 M - a wand of mindburst (7)
 P - a wand of polymorph (2)
Scrolls
 c - 6 scrolls of immolation
 i - 2 scrolls of magic mapping
 m - 3 scrolls of brand weapon
 p - 2 scrolls of teleportation {@r2}
 r - 2 scrolls of fog
 u - 4 scrolls of identify {@r1}
 y - 4 scrolls of amnesia
 B - 4 scrolls of enchant weapon
 O - 2 scrolls of enchant armour
 T - a scroll of torment
Potions
 d - 3 potions of cancellation
 f - 2 potions of lignification
 l - 7 potions of attraction
 o - a potion of magic
 q - 3 potions of brilliance
 z - 2 potions of resistance
 N - a potion of flight
 Q - a potion of ambrosia
Miscellaneous
 A - a box of beasts (inert)
 I - a phial of floods (inert)

Dungeon Overview and Level Annotations

Branches:
Dungeon (13/15)            Temple (0/1) D:5            Lair (6/6) D:10
 Shoals (0/4) Lair:2       Spider (0/4) Lair:3        Slime (0/5) Lair:5
    Orc (2/2) D:10            Elf (0/3) Orc:2         Sewer (visited)
 Vaults: D:13-14

Altars:
Ashenzari
Cheibriados
Elyvilon
Fedhas
Makhleb
Uskayaw
Xom

Shops:
D:9 *   D:11 (:

Annotations:
Lair:4 exclusion: ice statue

,,,,,**∩,*#.#k..##..###...## ##
,,,,,*,,,*#..○.#....# #...#
,,,,,*,,**#..°.....## #...##
,,,,,,,** #..☼○○○### ##...#
,,,,,,** #..○○### ##.## ,,,,,,,**
###○##.## ######
,,,,,*,,**#.k##...####.##
,,,,,*,,,*#..○##.#.#....##
,,,,,**∩,*##.#○#♣........##
***,,,**∩* ##.ok..........##
*,,,,*** ##.............#
***,,,,,** **###.##.#......###
,,,,,,,,,***,**########.#.##.####
,,,,,,,,,**,,,*****##...........#
****,,,,,**,,,**,,,#.............
**,,,,***,,*,***▒..#..........
**,,,**,.,,,*,,▒............#


You could see a death drake and an orc warrior.


Message History

* * * LOW HITPOINT WARNING * * *
Okay, then.
Your magical effects are unravelling.
You feel magically purged.
You feel yourself speed up.
* * * LOW HITPOINT WARNING * * *
You feel very sick. The death drake misses you.
The orc warrior completely misses you. The death drake closely misses you.
The orc warrior hits you from afar with a +0 glaive.
* * * LOW HITPOINT WARNING * * *
Xom thinks this is hilarious!
Drinking this now will have no effect.
Aiming: Mindburst
Press: ? - help, Shift-Dir - straight line, f/p - death drake
Aim: a death drake (almost dead, catching its breath, chance to affect: 81%)
You feel a surge of power!
The death drake barely resists.
* * * LOW HITPOINT WARNING * * *
You feel sick.
The death drake bites you but does no damage.
The orc warrior closely misses you. The death drake misses you.
Unknown command.
Okay, then.
Really quaff the potion of lignification?
You turn into a tree.
The +3 crown of Dyrovepreva {rElec Int+2 SInv} melds into your body.
Your +1 pair of gloves melds into your body.
Your +1 pair of boots melds into your body.
Your roots penetrate the ground.
You feel sick. The death drake bites you.
You die...

Skill      XL: |  1  2  3  4  5  6  7  8  9 10 11 12 13 14 |
---------------+-------------------------------------------+-----
Polearms       | 4 5 7 10 12 | 12.0
Evocations     | 1 4 5 7 |  7.3
Dodging        | 6 8 10 12 14 | 14.2
Staves         | 5 11 | 11.9
Fighting       | 8 11 14 | 14.3

Action                   |  1- 3 |  4- 6 |  7- 9 | 10-12 | 13-15 || total
-------------------------+-------+-------+-------+-------+-------++-------
Melee: Spear             |    98 |    76 |   501 |   135 |     5 ||   815
       Tailslap          |     7 |     3 |    63 |    93 |   159 ||   325
       Bite              |       |       |     6 |    70 |   106 ||   182
       Kick              |       |       |     3 |    40 |       ||    43
       Lajatang          |       |       |       |   485 |   825 ||  1310
       Headbutt          |       |       |       |    45 |   195 ||   240
 Abil: Breathe Frost     |       |       |    20 |    11 |     4 ||    35
Evoke: Wand              |       |     3 |     5 |    36 |    13 ||    57
       Box of beasts     |       |       |       |     2 |     2 ||     4
       Phial of floods   |       |       |       |       |     2 ||     2
  Use: Scroll            |     6 |     3 |    10 |    10 |    10 ||    39
       Potion            |       |     2 |     5 |     6 |     6 ||    19
 Stab: Sleeping          |     3 |     1 |     2 |     2 |     2 ||    10
       Paralysed         |       |       |     9 |     3 |       ||    12
       Confused          |       |       |     3 |     1 |     1 ||     5
       Distracted        |       |       |     1 |       |     2 ||     3
       Petrified         |       |       |     5 |       |     4 ||     9
       Petrifying        |       |       |     3 |       |       ||     3
       Invisible         |       |       |       |       |     1 ||     1
Armor: Skin              |    17 |    15 |    86 |   188 |   135 ||   441
Dodge: Dodged            |    33 |    29 |   188 |   463 |   733 ||  1446

Levels and vault maps discovered:
D:1:      dpeg_arrival_radiant, layout_basic, minivault_24
D:2:      layout_basic
D:3:      layout_loops_ring, old_standard_altar, nicolae_overflow_crystal_walls,
          ebering_ecumenical_altar_box, serial_park_tiny_2,
          hangedman_abyss_or_decor_stabs
D:4:      layout_basic, mainiacjoe_overflow_chevrons, portal_sewer_entry_e,
          kennysheep_another_room, hangedman_decor_diamond_cutter,
          interstate_on_off, uniq_pikel
D:5:      layout_gridville, old_standard_altar, minmay_temple_entry_nine_rooms,
          minivault_23, chequers_serial_rivers_small_3,
          chequers_serial_rivers_large_b, minmay_joined_circles
D:6:      minmay_skewed_foursquare, layout_rooms, uniq_blork_the_orc
D:7:      layout_cave_pools, mainiacjoe_overflow_six_doors_small,
          lightli_temple_of_fire
D:8:      wad_river_or_something, layout_rooms
D:9:      layout_gridville, serial_shops, nicolae_shop_behind_doors,
          minmay_lizard_king
D:10:     layout_gridville, dpeg_lair_monsters, minmay_orc_entry_guard_dogs
D:11:     layout_gridville, serial_shops, nicolae_shop_trees,
          nicolae_shop_crystal, uniq_snorg, uniq_josephine
D:12:     layout_rooms
D:13:     layout_stronghold, uniq_kirke, uniq_urug
Lair:1:   beast_lair_carwin_large_3, layout_cave_pods, st_stairs_11,
          uniq_gastronok
Lair:2:   layout_gridlike, minmay_shoals_entry_lonely_mermaid
Lair:3:   layout_roguey, nicolae_spider_entry_non_spiders,
          infiniplex_staircase_pool_2, serial_bayou_shore_a
Lair:4:   layout_long_grid, ice2_lemuel
Lair:5:   layout_regular_city, minmay_slime_entry_oklob_enclosed,
          nicolae_quartered_pool_little, grunt_megastairs_4, lemuel_fruit_fields
Lair:6:   minmay_lair_end_enchanted_forest, layout_cave_pods, minivault_11
Orc:1:    layout_diamond_mine, basic_altar
Orc:2:    st_orc_congregation, layout_caves, gammafunk_ghost_grave

Notes
Turn   | Place    | Note
-------+----------+-------------------------------------------
     0 | D:1      | demibob the Draconian Chaos Knight began the quest for the
                  | Orb.
     0 | D:1      | Reached XP level 1. HP: 19/19 MP: 1/1
    36 | D:1      | HP: 1/19 [something (2)]
   190 | D:1      | XOM: silly message
   308 | D:1      | XOM: silly message
   422 | D:1      | XOM: silly message
   479 | D:1      | Reached XP level 2. HP: 26/26 MP: 2/2
   775 | D:1      | XOM: silly message
   787 | D:1      | Reached skill level 4 in Polearms
   787 | D:1      | Identified a scroll of acquirement
   787 | D:1      | Acquired the amulet "Tumuff" {Faith Rampage Fly Slay+3}
   984 | D:1      | XOM: divination: magic mapping
  1179 | D:1      | XOM: stat loss: -1 Str (13/14)
  1291 | D:2      | XOM: 7-stop teleportation journey
  1302 | D:2      | XOM: polymorph endoplasm -> river rat
  1309 | D:2      | Reached XP level 3. HP: 27/31 MP: 3/3
  1517 | D:2      | Reached XP level 4. HP: 35/38 MP: 4/4
  1664 | D:2      | Reached skill level 5 in Polearms
  1732 | D:2      | XOM: summons 3 hostile demons
  1892 | D:2      | XOM: noise
  2096 | D:2      | XOM: give mutations
  2096 | D:2      | Gained mutation: Potions are less effective at restoring
                  | your health. [Xom's mischief]
  2096 | D:2      | Gained mutation: You are clumsy. (Dex -2) [Xom's mischief]
  2176 | D:2      | XOM: cloud trail
  2212 | D:3      | Found a faded altar of an unknown god.
  2247 | D:3      | XOM: confuse monster(s)
  2252 | D:3      | XOM: fog
  2260 | D:3      | Found a hide-covered altar of Uskayaw.
  2354 | D:3      | XOM: god gift: wand of mindburst (11)
  2378 | D:3      | XOM: 1-stop teleportation journey
  2406 | D:3      | XOM: 4-stop teleportation journey
  2488 | D:3      | XOM: give mutation
  2488 | D:3      | Gained mutation: Your mind is acute. (Int +2) [Xom's grace]
  2648 | D:3      | Found a broken altar of Ashenzari.
  2655 | D:3      | Reached skill level 1 in Evocations
  2659 | D:3      | Reached XP level 5. HP: 13/45 MP: 5/5
  2704 | D:3      | XOM: cloud trail
  2972 | D:3      | XOM: divination: detect items
  3052 | D:4      | Found a white marble altar of Elyvilon.
  3081 | D:4      | Noticed a lemure
  3081 | D:4      | XOM: divination: detect items
  3082 | D:4      | Noticed Pikel
  3085 | D:4      | XOM: cast spell 'Olgreb's Toxic Radiance'
  3087 | D:4      | Killed a lemure
  3089 | D:4      | Killed Pikel
  3090 | D:4      | Reached skill level 7 in Polearms
  3090 | D:4      | Reached skill level 4 in Evocations
  3090 | D:4      | Reached XP level 6. HP: 23/51 MP: 6/6
  3090 | D:4      | Your scales start taking on an icy white colour.
  3090 | D:4      | Reached XP level 7. HP: 26/57 MP: 7/7
  3090 | D:4      | Gained mutation: Your flesh is cold resistant. (rC+) [White
                  | Draconian growth]
  3290 | D:4      | XOM: noise
  3343 | D:4      | XOM: god gift: 43 gold pieces
  3364 | D:4      | XOM: give mutations
  3364 | D:4      | Lost mutation: Your mind is acute. (Int +2) [Xom's
                  | mischief]
  3432 | D:4      | XOM: silly message
  3628 | D:4      | Found a glowing drain.
  3635 | Sewer    | Entered a sewer
  3807 | Sewer    | Noticed Pargi
  3809 | Sewer    | XOM: noise
  3817 | Sewer    | XOM: summons friendly white imp
  3818 | Sewer    | XOM: god gift: 60 gold pieces
  3822 | Sewer    | Killed Pargi
  3823 | Sewer    | Reached skill level 5 in Evocations
  4036 | D:4      | Identified the +6 dagger of Zisidu {antimagic, Str+3}
  4235 | D:5      | Entered Level 5 of the Dungeon
  4284 | D:5      | XOM: 2-stop teleportation journey
  4285 | D:5      | Lost mutation: You are clumsy. (Dex -2) [potion of
                  | mutation]
  4285 | D:5      | Lost mutation: Potions are less effective at restoring your
                  | health. [potion of mutation]
  4285 | D:5      | Gained mutation: Your muscles are strong. (Str +2) [potion
                  | of mutation]
  4300 | D:5      | XOM: divination: magic mapping
  4336 | D:5      | Reached XP level 8. HP: 47/63 MP: 8/8
  4382 | D:5      | XOM: 7-stop teleportation journey
  4461 | D:5      | Reached skill level 8 in Polearms
  4481 | D:5      | Found a snail-covered altar of Cheibriados.
  4649 | D:5      | XOM: noise
  4673 | D:5      | XOM: enchant monster (bad)
  4845 | D:5      | Noticed a two-headed ogre
  4887 | D:5      | XOM: summons friendly white imp
  4901 | D:5      | XOM: 4-stop teleportation journey
  4952 | D:5      | XOM: silly message
  5066 | D:5      | XOM: noise
  5077 | D:5      | Reached skill level 9 in Polearms
  5330 | D:5      | XOM: swap monsters
  5467 | D:5      | Killed a two-headed ogre
  5468 | D:5      | Reached skill level 10 in Polearms
  5468 | D:5      | Reached XP level 9. HP: 70/70 MP: 9/9
  5613 | D:5      | XOM: summons 2 hostile demons
  5731 | D:5      | Found a staircase to the Ecumenical Temple.
  5797 | D:6      | Noticed Blork the orc
  5808 | D:6      | Killed Blork the orc
  5809 | D:6      | Reached skill level 11 in Polearms
  5812 | D:6      | Reached skill level 3 in Dodging
  6200 | D:6      | XOM: cast spell 'Call Canine Familiar'
  6215 | D:6      | XOM: polymorph hound -> jelly
  6270 | D:6      | XOM: enchant monster (bad)
  6296 | D:6      | XOM: 3-stop teleportation journey
  6355 | D:6      | XOM: summons friendly shadow imp
  6364 | D:6      | Reached skill level 4 in Dodging
  6471 | D:6      | XOM: 2-stop teleportation journey
  6529 | D:6      | XOM: give mutations
  6529 | D:6      | Gained mutation: You tend to lose your temper in combat.
                  | [Xom's mischief]
  6529 | D:6      | Lost mutation: You tend to lose your temper in combat.
                  | [Xom's mischief]
  6770 | D:6      | XOM: summons 5 hostile demons
  6843 | D:6      | XOM: cloud trail
  7055 | D:6      | XOM: cloud trail
  7069 | D:6      | XOM: give mutations
  7069 | D:6      | Gained mutation: You have very sharp teeth. [Xom's grace]
  7069 | D:6      | Gained mutation: Your tail ends in a poisonous barb. [Xom's
                  | grace]
  7131 | D:7      | XOM: smoke on damage
  7157 | D:7      | Reached skill level 5 in Dodging
  7158 | D:7      | XOM: 2-stop teleportation journey
  7310 | D:7      | XOM: summons friendly shadow imp
  7403 | D:7      | Reached skill level 12 in Polearms
  7435 | D:7      | XOM: cloud trail
  7456 | D:7      | Found a blossoming altar of Fedhas.
  7456 | D:7      | Found a burning altar of Makhleb.
  7456 | D:7      | XOM: 7-stop teleportation journey
  7468 | D:7      | XOM: god gift: staff of death
  7484 | D:7      | XOM: enchant monster (good)
  7487 | D:7      | XOM: confuse monster(s)
  7601 | D:7      | XOM: give mutations
  7601 | D:7      | Gained mutation: You possess an exceptional clarity of
                  | mind. [Xom's grace]
  7601 | D:7      | Gained mutation: Your mind is acute. (Int +2) [Xom's grace]
  7601 | D:7      | Gained mutation: You have large cloven feet. [Xom's grace]
  7824 | D:7      | Reached skill level 6 in Dodging
  7944 | D:7      | Identified the +4 hunting sling "Siboitz" {freeze, rF+
                  | Str+3 Int+4 Dex+2}
  8207 | D:8      | XOM: enchant monster (good)
  8209 | D:8      | Reached XP level 10. HP: 77/77 MP: 10/10
  8211 | D:8      | XOM: polymorph white imp -> crimson imp
  8281 | D:8      | XOM: polymorph black bear -> wyvern
  8283 | D:8      | XOM: divine lightning
  8286 | D:8      | XOM: polymorph centaur -> steam dragon
  8385 | D:8      | XOM: give mutations
  8385 | D:8      | Gained mutation: Your spells are a little harder to cast,
                  | but a little more powerful. [Xom's grace]
  8385 | D:8      | Gained mutation: Your flesh is heat resistant. (rF+) [Xom's
                  | grace]
  8385 | D:8      | Gained mutation: You passively dampen the noise of your
                  | surroundings. [Xom's grace]
  8385 | D:8      | Gained mutation: You have hidden genetic potential. [Xom's
                  | grace]
  8390 | D:8      | XOM: god gift: coppery potion {god gift}
  8420 | D:8      | Reached skill level 7 in Dodging
  8457 | D:8      | XOM: give mutations
  8457 | D:8      | Gained mutation: You are robust. (+10% HP) [Xom's grace]
  8457 | D:8      | Gained mutation: You have hoof-like feet. [Xom's grace]
  8457 | D:8      | Gained mutation: Your mind is very acute. (Int +4) [Xom's
                  | grace]
  8492 | D:8      | XOM: give mutations
  8492 | D:8      | Gained mutation: Your tail ends in a sharp poisonous barb.
                  | [Xom's grace]
  8492 | D:8      | Gained mutation: You have supernaturally acute eyesight.
                  | (SInv) [Xom's grace]
  8588 | D:8      | Reached skill level 6 in Evocations
  8704 | D:8      | XOM: summons friendly crimson imp
  8734 | D:8      | XOM: scenery: create altars
  8887 | D:8      | XOM: 1-stop teleportation journey
  8908 | D:8      | XOM: polymorph yak -> shapeshifter
  9026 | D:8      | XOM: give mutations
  9026 | D:8      | Gained mutation: Your muscles are very strong. (Str +4)
                  | [Xom's grace]
  9026 | D:8      | Gained mutation: You have an increased reservoir of magic.
                  | (+10% MP) [Xom's grace]
  9026 | D:8      | Lost mutation: You have hidden genetic potential. [Xom's
                  | grace]
  9026 | D:8      | Gained mutation: You are somewhat resistant to further
                  | mutation. [Xom's grace]
  9026 | D:8      | Gained mutation: Your spells are harder to cast, but more
                  | powerful. [Xom's grace]
  9031 | D:8      | XOM: cloud trail
  9181 | D:8      | XOM: give mutations
  9181 | D:8      | Lost mutation: You have hoof-like feet. [Xom's grace]
  9181 | D:8      | Lost mutation: You have large cloven feet. [Xom's grace]
  9181 | D:8      | Gained mutation: You have sharp toenails. [Xom's grace]
  9181 | D:8      | Gained mutation: You are very robust. (+20% HP) [Xom's
                  | grace]
  9238 | D:9      | XOM: god gift: 60 gold pieces
  9281 | D:9      | XOM: summons 6 hostile demons
  9282 | D:9      | Noticed a smoke demon
  9282 | D:9      | Noticed a soul eater
  9362 | D:9      | Identified the +4 lajatang of the Dragonfly {elec, rElec
                  | rPois rF+ Int+4}
  9389 | D:9      | Noticed a two-headed ogre
  9396 | D:9      | Killed a two-headed ogre
  9397 | D:9      | Reached skill level 1 in Staves
  9397 | D:9      | Reached skill level 8 in Dodging
  9397 | D:9      | Reached skill level 7 in Evocations
  9467 | D:9      | Reached skill level 2 in Staves
  9493 | D:9      | XOM: torment (41/92 hp)
  9719 | D:9      | Found Woruoh's General Store.
  9722 | D:9      | Bought the +3 crown of Dyrovepreva {rElec Int+2 SInv} for
                  | 455 gold pieces
  9722 | D:9      | Found the +3 crown of Dyrovepreva {rElec Int+2 SInv}
  9739 | D:9      | XOM: give mutations
  9739 | D:9      | Lost mutation: You are somewhat resistant to further
                  | mutation. [Xom's mischief]
  9739 | D:9      | Lost mutation: You have supernaturally acute eyesight.
                  | (SInv) [Xom's mischief]
  9880 | D:10     | Entered Level 10 of the Dungeon
  9898 | D:10     | Noticed a death yak
  9899 | D:10     | Found a staircase to the Lair.
  9901 | D:10     | XOM: fog
  9909 | D:10     | Killed a death yak
  9910 | D:10     | Reached skill level 4 in Staves
 10027 | D:10     | XOM: scenery: 1 doors open
 10053 | D:10     | Noticed a death yak
 10054 | D:10     | Noticed a death yak
 10059 | D:10     | Killed a death yak
 10060 | D:10     | Reached skill level 5 in Staves
 10060 | D:10     | Reached XP level 11. HP: 98/98 MP: 12/12
 10069 | D:10     | Killed a death yak
 10198 | D:10     | Found a staircase to the Orcish Mines.
 10313 | D:10     | Reached skill level 6 in Staves
 10401 | D:10     | XOM: potion effect (haste)
 10520 | D:10     | XOM: scenery: create altars
 10713 | D:10     | Reached skill level 7 in Staves
 10877 | D:10     | XOM: summons 6 hostile demons
 10909 | D:10     | XOM: scenery: 2 doors open
 10935 | D:10     | XOM: summons 3 hostile shadow creatures
 10936 | D:10     | Noticed a two-headed ogre
 11087 | Lair:1   | Entered Level 1 of the Lair of Beasts
 11100 | Lair:1   | XOM: 2-stop teleportation journey
 11119 | Lair:1   | Noticed Gastronok
 11120 | Lair:1   | XOM: scenery: summon butterflies
 11143 | Lair:1   | XOM: silly message
 11160 | Lair:1   | Killed Gastronok
 11161 | Lair:1   | Reached skill level 8 in Staves
 11198 | Lair:1   | XOM: stat loss: -1 Int (28/29)
 11279 | Lair:1   | XOM: 1-stop teleportation journey
 11326 | Lair:1   | XOM: scenery: create altars
 11352 | Lair:1   | XOM: fake destruction
 11483 | Lair:1   | XOM: confuse monster(s)
 11484 | Lair:1   | Identified the -4 cloak of Liberty {+Inv} (Xom gifted it to
                  | you on level 1 of the Lair of Beasts)
 11484 | Lair:1   | XOM: god gift: -4 cloak of Liberty {+Inv}
 11490 | Lair:1   | Reached skill level 9 in Staves
 11531 | Lair:1   | XOM: god gift: 25 arrows
 11531 | Lair:1   | XOM: butterfly on damage
 11562 | Lair:1   | Identified the ring "Desevoemn" {rElec Will+} (Xom gifted
                  | it to you on level 1 of the Lair of Beasts)
 11562 | Lair:1   | XOM: god gift: ring "Desevoemn" {rElec Will+}
 11563 | Lair:1   | XOM: give mutations
 11563 | Lair:1   | Gained mutation: You have sharp fingernails. [Xom's grace]
 11563 | Lair:1   | Gained mutation: You are covered in fur. (AC +1) [Xom's
                  | grace]
 11563 | Lair:1   | Gained mutation: You are agile. (Dex +2) [Xom's grace]
 11563 | Lair:1   | Gained mutation: Your flesh is very heat resistant. (rF++)
                  | [Xom's grace]
 11819 | Lair:1   | XOM: torment (50/98 hp)
 12082 | Lair:1   | Reached skill level 10 in Staves
 12143 | Lair:1   | XOM: 3-stop teleportation journey
 12216 | Lair:1   | XOM: summons 1 hostile shadow creature
 12262 | Lair:1   | XOM: summons 6 hostile demons
 12263 | Lair:1   | Noticed a sun demon
 12303 | Lair:1   | XOM: give mutations
 12303 | Lair:1   | Lost mutation: You are covered in fur. (AC +1) [Xom's
                  | mischief]
 12303 | Lair:1   | Lost mutation: You are agile. (Dex +2) [Xom's mischief]
 12303 | Lair:1   | Lost mutation: Your tail ends in a sharp poisonous barb.
                  | [Xom's mischief]
 12589 | Lair:1   | Identified 2 potions of resistance
 12629 | Lair:1   | Noticed a six-headed hydra
 12633 | Lair:1   | XOM: noise
 12638 | Lair:1   | XOM: noise
 12643 | Lair:1   | XOM: 2-stop teleportation journey
 12740 | Lair:1   | XOM: stat loss: -1 Dex (13/14)
 12816 | Lair:1   | XOM: silly message
 12849 | Lair:1   | XOM: 7-stop teleportation journey
 12906 | Lair:1   | Killed a six-headed hydra
 13096 | Lair:1   | XOM: cloud trail
 13117 | Lair:1   | Noticed a seven-headed hydra
 13119 | Lair:1   | XOM: summons 6 friendly demons
 13129 | Lair:1   | Killed a seven-headed hydra
 13130 | Lair:1   | Reached skill level 11 in Staves
 13316 | Lair:1   | XOM: summons 2 hostile demons
 13523 | Lair:2   | Reached XP level 12. HP: 106/106 MP: 13/13
 13640 | Lair:2   | XOM: give mutations
 13640 | Lair:2   | Gained mutation: Your flesh is very cold resistant. (rC++)
                  | [Xom's grace]
 13640 | Lair:2   | Gained mutation: You have a pair of small horns on your
                  | head. [Xom's grace]
 13640 | Lair:2   | Gained mutation: You have very sharp fingernails. [Xom's
                  | grace]
 13640 | Lair:2   | Gained mutation: You have razor-sharp toenails. [Xom's
                  | grace]
 13709 | Lair:2   | XOM: divination: detect items
 13711 | Lair:2   | XOM: cast spell 'Call Canine Familiar'
 13715 | Lair:2   | XOM: cast spell 'Summon Ice Beast'
 13724 | Lair:2   | XOM: cleaving
 13988 | Lair:2   | XOM: cloud trail
 13995 | Lair:2   | XOM: summons 3 friendly demons
 14162 | Lair:2   | Reached skill level 4 in Fighting
 14182 | Lair:2   | XOM: scenery: summon butterflies
 14248 | Lair:2   | Found a staircase to the Shoals.
 14345 | Lair:2   | XOM: silly message
 14362 | Lair:2   | XOM: give mutations
 14362 | Lair:2   | Lost mutation: Your tail ends in a poisonous barb. [Xom's
                  | mischief]
 14362 | Lair:2   | Lost mutation: Your flesh is very cold resistant. (rC++)
                  | [Xom's mischief]
 14362 | Lair:2   | Lost mutation: You possess an exceptional clarity of mind.
                  | [Xom's mischief]
 14464 | Lair:3   | XOM: noise
 14464 | Lair:3   | Noticed an eight-headed hydra
 14468 | Lair:3   | Killed an eight-headed hydra
 14469 | Lair:3   | Reached skill level 5 in Fighting
 14659 | Lair:3   | XOM: smoke on damage
 14665 | Lair:3   | Reached skill level 9 in Dodging
 14836 | Lair:3   | Reached skill level 6 in Fighting
 14930 | Lair:3   | XOM: enchant monster (bad)
 14942 | Lair:3   | XOM: summons 4 hostile shadow creatures
 14961 | Lair:3   | XOM: cleaving
 14967 | Lair:3   | XOM: cleaving
 15139 | Lair:3   | Noticed a six-headed hydra
 15144 | Lair:3   | Killed a six-headed hydra
 15145 | Lair:3   | Reached skill level 7 in Fighting
 15288 | Lair:3   | XOM: give mutations
 15288 | Lair:3   | Gained mutation: You have hidden genetic potential. [Xom's
                  | grace]
 15288 | Lair:3   | Gained mutation: You are agile. (Dex +2) [Xom's grace]
 15288 | Lair:3   | Gained mutation: You expend magic power (3 MP) to
                  | strengthen your wands. [Xom's grace]
 15288 | Lair:3   | Gained mutation: You are resistant to electric shocks.
                  | (rElec) [Xom's grace]
 15372 | Lair:3   | Found a hole to the Spider Nest.
 15394 | Lair:3   | XOM: summons 12 friendly demons
 15403 | Lair:3   | XOM: cleaving
 15410 | Lair:3   | Reached skill level 10 in Dodging
 15452 | Lair:3   | XOM: 4-stop teleportation journey
 15893 | Lair:4   | Noticed an ice dragon
 15900 | Lair:4   | XOM: enchant monster (bad)
 15905 | Lair:4   | Killed an ice dragon
 15906 | Lair:4   | Reached skill level 8 in Fighting
 15907 | Lair:4   | XOM: swap monsters
 16090 | Lair:4   | XOM: blink monster(s)
 16098 | Lair:4   | XOM: summons 2 hostile shadow creatures
 16105 | Lair:4   | Reached XP level 13. HP: 110/129 MP: 14/14
 16645 | Lair:4   | XOM: blink monster(s)
 16851 | Lair:5   | XOM: summons 9 friendly demons
 16954 | Lair:5   | XOM: polymorph cane toad -> meliai
 16992 | Lair:5   | Reached skill level 9 in Fighting
 17158 | Lair:5   | XOM: stat loss: -1 Dex (17/18)
 17183 | Lair:5   | Found a staircase to the Slime Pits.
 17220 | Lair:5   | XOM: noise
 17233 | Lair:5   | Cast into level 2 of the Abyss (Xom)
 17244 | Abyss:2  | Identified the +10 glaive "Gram" {vorpal, rC+++ Str-4 Dex-4
                  | SInv}
 17286 | Abyss:2  | XOM: enchant monster (bad)
 17289 | Abyss:2  | XOM: swap monsters
 17291 | Abyss:2  | XOM: silly message
 17295 | Abyss:2  | XOM: cast spell 'Summon Hydra'
 17304 | Abyss:2  | Reached skill level 11 in Dodging
 17305 | Abyss:2  | Noticed a starcursed mass
 17381 | Lair:5   | You pass through the gate.
 17381 | Lair:5   | Escaped the Abyss
 17426 | Lair:5   | XOM: repel stairs
 17431 | Lair:5   | XOM: swap monsters
 17552 | Lair:5   | XOM: 1-stop teleportation journey
 17576 | Lair:5   | XOM: give mutations
 17576 | Lair:5   | Gained mutation: Your flesh is very cold resistant. (rC++)
                  | [Xom's grace]
 17576 | Lair:5   | Gained mutation: You are very agile. (Dex +4) [Xom's grace]
 17739 | Lair:5   | XOM: scenery: create altars
 17742 | Lair:5   | XOM: noise
 17747 | Lair:5   | XOM: god gift: 22 gold pieces
 17758 | Lair:5   | XOM: cast spell 'Dispersal'
 17764 | Lair:5   | XOM: cleaving
 17771 | Lair:5   | Reached skill level 10 in Fighting
 17978 | Lair:6   | Entered Level 6 of the Lair of Beasts
 18024 | Lair:6   | Gained mutation: Your spells are much harder to cast, but
                  | much more powerful. [hidden potential]
 18033 | Lair:6   | XOM: confusion (+ monsters)
 18036 | Lair:6   | XOM: enchant monster (good)
 18038 | Lair:6   | XOM: blink monster(s)
 18089 | Lair:6   | XOM: noise
 18218 | Lair:6   | XOM: blink monster(s)
 18222 | Lair:6   | XOM: confusion (+ monsters)
 18312 | Lair:6   | Reached skill level 11 in Fighting
 18368 | Lair:6   | XOM: confusion (+ monsters)
 18370 | Lair:6   | Reached skill level 12 in Dodging
 18437 | Lair:6   | XOM: summons 3 hostile demons
 18582 | Lair:6   | XOM: summons 5 hostile demons
 18692 | Lair:6   | XOM: noise
 18786 | Lair:6   | XOM: potion effect (brilliance)
 18927 | Lair:6   | XOM: silly message
 18935 | Lair:6   | XOM: cast spell 'Summon Small Mammal'
 18968 | Lair:6   | XOM: divination: detect creatures
 18971 | Lair:6   | XOM: chaos upgrade
 18990 | Lair:6   | Reached XP level 14. HP: 150/150 MP: 15/15
 19121 | Lair:6   | Reached skill level 12 in Fighting
 19193 | Lair:6   | XOM: silly message
 19505 | D:11     | Acquired 683 gold pieces
 19513 | D:11     | XOM: enchant monster (good)
 19521 | D:10     | XOM: blink monster(s)
 19599 | D:10     | XOM: noise
 19786 | D:11     | XOM: silly message
 19791 | D:11     | Found Vebath's Book Shop.
 19793 | D:11     | Found Guzxunin's Antique Weapon Shop.
 19793 | D:11     | XOM: 1-stop teleportation journey
 20019 | D:11     | XOM: summons friendly white imp
 20118 | D:11     | Noticed Snorg
 20126 | D:11     | Noticed Josephine
 20127 | D:11     | Killed Snorg
 20131 | D:11     | Killed Josephine
 20132 | D:11     | Reached skill level 13 in Dodging
 20153 | D:11     | XOM: confuse monster(s)
 20258 | D:11     | XOM: cleaving
 20666 | D:12     | Gained mutation: You have a pair of horns on your head.
                  | [hidden potential]
 20666 | D:12     | Lost mutation: You have hidden genetic potential. [hidden
                  | potential expressed]
 20732 | D:12     | Reached skill level 13 in Fighting
 20739 | D:12     | XOM: polymorph quasit -> ufetubus
 21066 | D:13     | XOM: silly message
 21221 | D:13     | XOM: divination: detect creatures
 21276 | D:13     | Noticed Urug
 21291 | D:13     | Killed Urug
 21572 | D:13     | XOM: potion effect (might)
 21599 | D:13     | XOM: confusion (+ monsters)
 21613 | D:13     | Identified the ring of Hofu {rN+ SInv}
 21725 | D:13     | XOM: god gift: staff of air
 21771 | D:13     | Noticed Kirke
 21781 | D:13     | Killed Kirke
 21963 | D:13     | XOM: scenery: 2 doors close
 22067 | Orc:1    | Entered Level 1 of the Orcish Mines
 22090 | Orc:2    | XOM: noise
 22090 | Orc:2    | Entered Level 2 of the Orcish Mines
 22121 | Orc:2    | XOM: god gift: scroll of immolation
 22125 | Orc:2    | Found a staircase to the Elven Halls.
 22134 | Orc:1    | XOM: god gift: scroll of enchant weapon
 22164 | Orc:1    | Reached skill level 14 in Dodging
 22229 | Orc:1    | XOM is BORED!
 22229 | Orc:1    | XOM: summons 1 hostile demon
 22253 | Orc:1    | XOM: cloud trail
 22314 | Orc:1    | XOM: summons 3 friendly demons
 22317 | Orc:1    | XOM: scenery: create altars
 22329 | Orc:1    | Reached skill level 14 in Fighting
 22335 | Orc:1    | XOM: god gift: scroll labelled BYUM JYOPH {god gift}
 22388 | Orc:1    | XOM: blink monster(s)
 22669 | Orc:2    | XOM: give mutations
 22669 | Orc:2    | Lost mutation: You have an increased reservoir of magic.
                  | (+10% MP) [Xom's mischief]
 22669 | Orc:2    | Lost mutation: You have razor-sharp toenails. [Xom's
                  | mischief]
 22669 | Orc:2    | Lost mutation: You are very agile. (Dex +4) [Xom's
                  | mischief]
 22669 | Orc:2    | Lost mutation: You are resistant to electric shocks.
                  | (rElec) [Xom's mischief]
 22744 | Orc:2    | XOM: blink monster(s)
 22981 | Orc:2    | XOM: give mutations
 22981 | Orc:2    | Lost mutation: Your spells are much harder to cast, but
                  | much more powerful. [Xom's mischief]
 22981 | Orc:2    | Lost mutation: Your mind is very acute. (Int +4) [Xom's
                  | mischief]
 22981 | Orc:2    | Lost mutation: You have a pair of horns on your head.
                  | [Xom's mischief]
 22981 | Orc:2    | Lost mutation: Your spells are harder to cast, but more
                  | powerful. [Xom's mischief]
 22998 | Orc:2    | XOM: swap monsters
 22999 | Orc:2    | XOM: chaos upgrade
 23006 | Orc:2    | XOM: stat loss: -1 Int (20/21)
 23017 | Orc:2    | XOM: confusion
 23038 | Orc:2    | XOM: polymorph orc knight -> death drake
 23041 | Orc:2    | XOM: confusion
 23056 | Orc:2    | XOM: god gift: scroll of silence
 23081 | Orc:2    | HP: 4/159 [death drake/foul vapour (12)]
 23082 | Orc:2    | HP: 1/159 [orc warrior (1)]
 23084 | Orc:2    | Slain by a death drake

Vanquished Creatures
  Kirke (D:13)
  Gastronok (Lair:1)
  Snorg (D:11)
  Josephine (D:11)
  An ice dragon (Lair:4)
  3 hydras
  A catoblepas (Lair:5)
  A centaur warrior (D:13)
  3 death yaks (D:10)
  6 two-headed ogres
  Urug (D:13)
  A wretched star (Abyss:2)
  A sixfirhy (Abyss:2)
  A lindwurm (Lair:5)
  Pikel (D:4)
  2 orc knights
  2 deep elf pyromancers (D:13)
  An orc sorcerer (Orc:2)
  A manticore (D:13)
  A cyclops (D:13)
  2 ugly things
  A merfolk siren (Lair:2)
  3 elephants (Lair:3)
  A centaur zombie (D:10)
  5 black mambas
  2 unseen horrors (D:13)
  A torpor snail (Lair:6)
  A gargoyle (D:12)
  11 cane toads
  2 kobold demonologists (D:12)
  3 rime drakes
  10 komodo dragons
  A meliai (Lair:5)
  3 trolls
  A merfolk (shapeshifter) (D:8)
  13 polar bears
  7 hornets (Lair:6)
  17 blink frogs
  10 slime creatures (D:13)
  15 spriggans (Lair:6)
  A vampire (D:10)
  A shadow (D:12)
  42 yaks
  4 wraiths (D:11)
  A golden eye (shapeshifter) (D:13)
  4 steam dragons
  5 wargs
  3 vampire mosquitoes (D:11)
  An acid dragon (D:9)
  19 water moccasins
  A black bear (shapeshifter) (D:13)
  6 ice beasts
  20 orc warriors
  5 black bears
  2 necrophages
  A sky beast (D:7)
  4 ogres
  A tengu (D:7)
  4 centaurs
  3 boggarts (Lair:6)
  28 wolves
  A lemure (D:4)
  3 kobold brigands
  2 phantoms
  Blork the orc (D:6)
  11 bullfrogs
  2 gnoll sergeants
  A wyvern zombie (D:7)
  6 scorpions
  A water moccasin skeleton (D:6)
  3 killer bees (D:10)
  4 wights (D:8)
  2 howler monkeys
  A crimson imp (D:8)
  A quasit (Abyss:2)
  A bullfrog zombie (D:5)
  4 jellies (D:5)
  8 orc priests
  3 gnoll shamans
  2 bullfrog skeletons
  8 hounds
  8 iguanas
  20 orc wizards
  A killer bee zombie (D:5)
  A hound zombie (D:5)
  3 howler monkey zombies
  17 gnolls
  10 adders
  A howler monkey skeleton (D:5)
  5 river rats
  3 shadow imps
  3 white imps
  3 ufetubi (D:6)
  An adder zombie (D:5)
  3 worms
  5 dart slugs
  44 orcs
  8 ball pythons
  5 bats
  3 endoplasms
  6 giant cockroaches
  6 goblins
  6 hobgoblins
  13 kobolds
  3 quokkas
  9 frilled lizards
  9 rats
557 creatures vanquished.

Vanquished Creatures (collateral kills)
  4 hydras
  A cane toad (Lair:5)
  2 blink frogs (Lair:3)
  A vampire mosquito (D:11)
  Pargi (Sewer)
  A scorpion (D:6)
  A killer bee (D:11)
  A hound (D:6)
  5 gnolls
  An adder (D:5)
  An ufetubus (Abyss:2)
  2 giant cockroaches (Lair:3)
  A kobold (D:3)
22 creatures vanquished.

Vanquished Creatures (others)
  A wyvern (D:8)
  2 humans (D:13)
  A centaur (D:8)
  27 fungi
  23 plants
  2 withered plants (Orc:2)
56 creatures vanquished.

Grand Total: 635 creatures vanquished

Table legend: (Time is in decaauts)
 A = Elapsed time spent in this place.
 B = Non-inter-level travel time spent in this place.
 C = Inter-level travel time spent in this place.
 D = Time resting spent in this place.
 E = Time spent auto-exploring this place.
 F = Levels seen in this place.
 G = Mean time per level.
                   A        B        C        D        E       F      G
               +--------+--------+--------+--------+--------+-----+--------+
         Total |  22477 |  21778 |    699 |   4990 |  12473 |  23 |  977.3 |
       Dungeon |  13089 |  12576 |    513 |   2697 |   7448 |  13 | 1006.8 |
          Lair |   8048 |   7883 |    165 |   2157 |   4424 |   6 | 1341.3 |
  Orcish Mines |    964 |    944 |     20 |     27 |    528 |   2 |  482.0 |
         Abyss |    141 |    141 |      0 |      0 |      0 |   1 |  141.0 |
         Sewer |    234 |    234 |      0 |    109 |     72 |   1 |  234.0 |
               +--------+--------+--------+--------+--------+-----+--------+

Top non-repeatable levels by time:
  Lair:1: 2407 daAuts
     D:5: 1486 daAuts
  Lair:6: 1373 daAuts
  Lair:3: 1366 daAuts
     D:6: 1267 daAuts
    D:10: 1257 daAuts
     D:1: 1200 daAuts
    D:11: 1093 daAuts
     D:7: 1038 daAuts
     D:2: 989 daAuts
     D:8: 986 daAuts
  Lair:5: 974 daAuts
  Lair:4: 974 daAuts
    D:13: 969 daAuts
     D:4: 958 daAuts

Table legend:
 A = Non-vault XP
 B = Vault XP
 C = Vault XP percentage of total XP
 D = Non-vault monster count
 E = Vault monster count
 F = Vault count percentage of total count
                 A         B        C        D         E       F
            +---------+---------+-------+---------+---------+-------
      Total |   66151 |   30264 |  31.4 |     411 |     169 |  29.1
            +---------+---------+-------+---------+---------+-------
        D:1 |      34 |       0 |   0.0 |      19 |       0 |   0.0
        D:2 |      80 |       0 |   0.0 |      22 |       0 |   0.0
        D:3 |      98 |       0 |   0.0 |      13 |       0 |   0.0
        D:4 |     204 |     670 |  76.7 |      13 |       9 |  40.9
        D:5 |     659 |    1261 |  65.7 |      16 |      15 |  48.4
        D:6 |     970 |     381 |  28.2 |      18 |       5 |  21.7
        D:7 |     955 |       0 |   0.0 |      20 |       0 |   0.0
        D:8 |    1048 |    1139 |  52.1 |      18 |       9 |  33.3
        D:9 |    1342 |     559 |  29.4 |      11 |      11 |  50.0
       D:10 |    1928 |    2984 |  60.7 |      10 |      11 |  52.4
       D:11 |    5478 |    2677 |  32.8 |      19 |       6 |  24.0
       D:12 |    3885 |       0 |   0.0 |      27 |       0 |   0.0
       D:13 |    8394 |    2227 |  21.0 |      25 |       2 |   7.4
     Lair:1 |    5163 |    3077 |  37.3 |      17 |      12 |  41.4
     Lair:2 |    4004 |     474 |  10.6 |      15 |       1 |   6.2
     Lair:3 |    8559 |     420 |   4.7 |      29 |       8 |  21.6
     Lair:4 |    1672 |    2458 |  59.5 |       7 |      11 |  61.1
     Lair:5 |    6245 |    1293 |  17.2 |      19 |       5 |  20.8
     Lair:6 |    8528 |    9366 |  52.3 |      30 |      48 |  61.5
      Orc:1 |    1939 |       0 |   0.0 |      19 |       0 |   0.0
      Orc:2 |    3373 |    1128 |  25.1 |      40 |      10 |  20.0
    Abyss:2 |    1593 |       0 |   0.0 |       4 |       0 |   0.0
      Sewer |       0 |     150 | 100.0 |       0 |       6 | 100.0
            +---------+---------+-------+---------+---------+-------
